BSA
SPRINGFIELD STARS @ NASHVILLE G-STRINGS
08/04/2027
 
TOP OF THE 1ST
Springfield Stars batting - Pitching for Madison Bombers : RHP Guy Hebert
Pitching: RHP Guy Hebert
Batting: RHB Norberto Taváres 0-0: Fly out, F4 (Popup, 34)
Batting: RHB Calvin Bennett 0-0: Ball
1-0: Ball
2-0: Fly out, F9 (Flyball, 89M)
Batting: LHB Derek Davidson 0-0: Called Strike
0-1: Ball
1-1: Swinging Strike
1-2: Ball
2-2: Ball
3-2: Foul Ball, location: 2F
3-2: Base on Balls
Batting: LHB Felipe Guerrero 0-0: Ball
1-0: Called Strike
1-1: Ball
2-1: Ball
3-1: Base on Balls
Derek Davidson to second
Batting: LHB Elliott Newell 0-0: Ball
1-0: Swinging Strike
1-1: Ball
2-1: Ball
3-1: Foul Ball, location: 2F
3-2: Strikes out swinging
Top of the 1st over - 0 run(s), 0 hit(s), 0 error(s), 2 left on base; Springfield 0 - Madison 0
BOTTOM OF THE 1ST
Madison Bombers batting - Pitching for Springfield Stars : LHP Joaquín Gonzáles
Pitching: LHP Joaquín Gonzáles
Batting: RHB Vicente Aguirre 0-0: Ball
1-0: Ball
2-0: DOUBLE (Line Drive, 9LM)
Batting: LHB George Smith 0-0: Called Strike
0-1: Ground out 4-3 (Groundball, 4M)
Vicente Aguirre to third
Batting: RHB Sergio Márquez 0-0: Ball
1-0: Called Strike
1-1: Swinging Strike
1-2: SINGLE (Groundball, 56D)
Vicente Aguirre scores
Batting: RHB Will Brown 0-0: Called Strike
0-1: Ball
1-1: Foul Ball, location: 2F
1-2: Strikes out swinging
Batting: SHB Ricardo Arévalo 0-0: Called Strike
0-1: Foul Ball, location: 2F
0-2: Fly out, F1 (Line Drive, 13S)
Bottom of the 1st over - 1 run(s), 2 hit(s), 0 error(s), 1 left on base; Springfield 0 - Madison 1
TOP OF THE 2ND
Springfield Stars batting - Pitching for Madison Bombers : RHP Guy Hebert
Batting: SHB Shane Hutchinson 0-0: Ball
1-0: Ball
2-0: Ball
3-0: Base on Balls
Batting: RHB Juan Carlos Rodríguez 0-0: Ball
1-0: SINGLE (Groundball, 34D)
Shane Hutchinson to second
Runner from 2nd tries for 3rd, SAFE, no throw
Batting: LHB Jesús Tobías 0-0: Ball
1-0: Ball
2-0: Ball
3-0: Base on Balls
Juan Carlos Rodríguez to second
Batting: RHB Will Sterling 0-0: Ball
1-0: Called Strike
1-1: Foul Ball, location: 2F
1-2: Ball
2-2: Ball
3-2: GRAND SLAM HOME RUN (Flyball, 7D), Distance : 366 ft
Batting: RHB Norberto Taváres 0-0: Called Strike
0-1: Ball
1-1: Foul Ball, location: 2F
1-2: Foul Ball, location: 2F
1-2: Ball
2-2: Ball
3-2: SINGLE (Groundball, 56D)
Batting: RHB Calvin Bennett 0-0: Fielders Choice at 2nd, 5-4 (Groundball, 5L)
Batting: LHB Derek Davidson 0-0: Ball
1-0: Ball
2-0: Ball
3-0: Called Strike
3-1: Base on Balls
Calvin Bennett to second
Batting: LHB Felipe Guerrero 0-0: Called Strike
Calvin Bennett steals 3rd base
Derek Davidson to second
0-1: Called Strike
0-2: Ball
1-2: Strikes out swinging
Batting: LHB Elliott Newell 0-0: Called Strike
0-1: 3-RUN HOME RUN (Flyball, 7D), Distance : 361 ft
Batting: SHB Shane Hutchinson 0-0: Ball
1-0: Foul Ball, location: 2F
1-1: Swinging Strike
1-2: Ball
2-2: Strikes out swinging
Top of the 2nd over - 7 run(s), 4 hit(s), 0 error(s), 0 left on base; Springfield 7 - Madison 1
BOTTOM OF THE 2ND
Madison Bombers batting - Pitching for Springfield Stars : LHP Joaquín Gonzáles
Batting: RHB Juan Costello 0-0: Foul Ball, location: 2F
0-1: Ground out 6-3 (Groundball, 56)
Batting: SHB Jorge Flores 0-0: Ball
1-0: Ground out 5-3 (Groundball, 56)
Batting: RHB Javier Deleón 0-0: Called Strike
0-1: Ball
1-1: Swinging Strike
1-2: Strikes out swinging
Bottom of the 2nd over - 0 run(s), 0 hit(s), 0 error(s), 0 left on base; Springfield 7 - Madison 1
TOP OF THE 3RD
Springfield Stars batting - Pitching for Madison Bombers : RHP Guy Hebert
Pitching: RHP Cipriano Montáñez
Batting: RHB Juan Carlos Rodríguez 0-0: Ball
1-0: Foul Ball, location: 2F
1-1: Swinging Strike
1-2: Foul Ball, location: 2F
1-2: Foul Ball, location: 2F
1-2: Ball
2-2: Fly out, F8 (Flyball, 8LD)
Batting: LHB Jesús Tobías 0-0: Ball
1-0: Called Strike
1-1: Foul Ball, location: 2F
1-2: Ground out 4-3 (Groundball, 4)
Batting: RHB Will Sterling 0-0: Ground out 6-3 (Groundball, 6)
Top of the 3rd over - 0 run(s), 0 hit(s), 0 error(s), 0 left on base; Springfield 7 - Madison 1
BOTTOM OF THE 3RD
Madison Bombers batting - Pitching for Springfield Stars : LHP Joaquín Gonzáles
Batting: SHB Martín Medina 0-0: Ball
1-0: Called Strike
1-1: Ball
2-1: Ground out 4-3 (Groundball, 4S)
Batting: RHB Vicente Aguirre 0-0: Ground out 5-3 (Groundball, 56S)
Batting: LHB George Smith 0-0: Fly out, F9 (Flyball, 9D)
Bottom of the 3rd over - 0 run(s), 0 hit(s), 0 error(s), 0 left on base; Springfield 7 - Madison 1
TOP OF THE 4TH
Springfield Stars batting - Pitching for Madison Bombers : RHP Cipriano Montáñez
Batting: RHB Norberto Taváres 0-0: Ball
1-0: Ball
2-0: Foul Ball, location: 2F
2-1: Foul Ball, location: 2F
2-2: Ball
3-2: DOUBLE (Line Drive, 8LM)
Batting: RHB Calvin Bennett 0-0: Ball
Wild Pitch!
Norberto Taváres to third
1-0: Called Strike
1-1: Ball
2-1: Ball
3-1: Foul Ball, location: 2F
3-2: Base on Balls
Batting: LHB Derek Davidson 0-0: Called Strike
0-1: Foul Ball, location: 2F
0-2: Ball
1-2: Foul Ball, location: 2F
1-2: Fly out, F9 (Flyball, 89M)
Runner from 3rd tags up, SCORES, no throw
Batting: LHB Felipe Guerrero 0-0: Called Strike
0-1: Foul Ball, location: 2F
0-2: SINGLE (Line Drive, 8RS)
Calvin Bennett to second
Batting: LHB Elliott Newell 0-0: Called Strike
0-1: Ball
1-1: Foul Ball, location: 2F
Balk!
Calvin Bennett to third
Felipe Guerrero to second
1-2: Foul Ball, location: 2F
1-2: Foul Ball, location: 2F
1-2: Ground out U3 (Groundball, 3)
Batting: SHB Shane Hutchinson 0-0: Ball
1-0: Ball
2-0: Swinging Strike
2-1: Ball
3-1: Called Strike
3-2: Base on Balls
Batting: RHB Juan Carlos Rodríguez 0-0: Fielders Choice at 2nd, 6-4 (Groundball, 56)
Top of the 4th over - 1 run(s), 2 hit(s), 0 error(s), 2 left on base; Springfield 8 - Madison 1
BOTTOM OF THE 4TH
Madison Bombers batting - Pitching for Springfield Stars : LHP Joaquín Gonzáles
Batting: RHB Sergio Márquez 0-0: Called Strike
0-1: Ball
1-1: Fly out, F8 (Flyball, 8RD)
Batting: RHB Will Brown 0-0: Fly out, F9 (Flyball, 9)
Batting: SHB Ricardo Arévalo 0-0: Ball
1-0: Called Strike
1-1: Ground out 2-3 (Groundball, 2R)
Bottom of the 4th over - 0 run(s), 0 hit(s), 0 error(s), 0 left on base; Springfield 8 - Madison 1
TOP OF THE 5TH
Springfield Stars batting - Pitching for Madison Bombers : RHP Cipriano Montáñez
Batting: LHB Jesús Tobías 0-0: Ball
1-0: Ball
2-0: Called Strike
2-1: Ball
3-1: Foul Ball, location: 2F
3-2: Base on Balls
Batting: RHB Will Sterling 0-0: Ball
1-0: Called Strike
1-1: Ball
2-1: Foul Ball, location: 2F
2-2: Ball
3-2: Strikes out swinging
Jesús Tobías is caught stealing 2nd base
Batter strikes out.
Batting: RHB Norberto Taváres 0-0: Ball
1-0: Foul Ball, location: 2F
1-1: Called Strike
1-2: Ball
2-2: Ground out 6-3 (Groundball, 6M)
Top of the 5th over - 0 run(s), 0 hit(s), 0 error(s), 0 left on base; Springfield 8 - Madison 1
BOTTOM OF THE 5TH
Madison Bombers batting - Pitching for Springfield Stars : LHP Joaquín Gonzáles
Batting: RHB Juan Costello 0-0: Ball
1-0: Ball
2-0: Ball
3-0: Base on Balls
Batting: SHB Jorge Flores 0-0: Swinging Strike
0-1: Ball
1-1: Ball
2-1: Foul Ball, location: 2F
2-2: Foul Ball, location: 2F
2-2: Foul Ball, location: 2F
2-2: Strikes out swinging
Batting: RHB Javier Deleón 0-0: Ball
1-0: Called Strike
1-1: Foul Ball, location: 2F
1-2: Ball
2-2: Grounds into double play, 6-4-3 (Groundball, 6M)
Bottom of the 5th over - 0 run(s), 0 hit(s), 0 error(s), 0 left on base; Springfield 8 - Madison 1
TOP OF THE 6TH
Springfield Stars batting - Pitching for Madison Bombers : RHP Cipriano Montáñez
Batting: RHB Calvin Bennett 0-0: Ball
1-0: Ball
2-0: Called Strike
2-1: Swinging Strike
2-2: Foul Ball, location: 2F
2-2: Foul Ball, location: 2F
2-2: Foul Ball, location: 2F
2-2: Ball
3-2: Reached on error, E7 (Flyball, 7S)
Batting: LHB Derek Davidson 0-0: Ball
1-0: SINGLE (Line Drive, 9S)
Calvin Bennett to second
Runner from 2nd tries for 3rd, SAFE, throw made to third
Batting: LHB Felipe Guerrero 0-0: Foul Ball, location: 2F
0-1: Foul Ball, location: 2F
0-2: Ball
1-2: Grounds into double play, 5-4-3 (Groundball, 56)
Calvin Bennett scores
Batting: LHB Elliott Newell 0-0: Ball
1-0: Called Strike
1-1: Foul Ball, location: 2F
1-2: Strikes out swinging
Top of the 6th over - 1 run(s), 1 hit(s), 1 error(s), 0 left on base; Springfield 9 - Madison 1
BOTTOM OF THE 6TH
Madison Bombers batting - Pitching for Springfield Stars : LHP Joaquín Gonzáles
Batting: SHB Martín Medina 0-0: Ball
1-0: Ground out 4-3 (Groundball, 4)
Batting: RHB Vicente Aguirre 0-0: Called Strike
0-1: Swinging Strike
0-2: Strikes out looking
Batting: LHB George Smith 0-0: Ball
1-0: Fly out, F8 (Flyball, 89M)
Bottom of the 6th over - 0 run(s), 0 hit(s), 0 error(s), 0 left on base; Springfield 9 - Madison 1
TOP OF THE 7TH
Springfield Stars batting - Pitching for Madison Bombers : RHP Cipriano Montáñez
Batting: SHB Shane Hutchinson 0-0: Ball
1-0: Called Strike
1-1: Foul Ball, location: 2F
1-2: Fly out, F7 (Flyball, 78S)
Batting: RHB Juan Carlos Rodríguez 0-0: Ball
1-0: Called Strike
1-1: Ball
2-1: Swinging Strike
2-2: Fly out, F6 (Line Drive, 6)
Batting: LHB Jesús Tobías 0-0: Ball
1-0: Ball
2-0: Called Strike
2-1: Ball
3-1: Base on Balls
Batting: RHB Will Sterling 0-0: Called Strike
0-1: Ball
1-1: Ball
2-1: Fielders Choice at 2nd, 6-4 (Groundball, 6)
Top of the 7th over - 0 run(s), 0 hit(s), 0 error(s), 0 left on base; Springfield 9 - Madison 1
BOTTOM OF THE 7TH
Madison Bombers batting - Pitching for Springfield Stars : LHP Joaquín Gonzáles
Batting: RHB Sergio Márquez 0-0: SINGLE (Groundball, 6MD)
Batting: RHB Will Brown 0-0: Ball
1-0: Ball
2-0: Foul Ball, location: 2F
2-1: Ball
3-1: Base on Balls
Sergio Márquez to second
Batting: SHB Ricardo Arévalo 0-0: Swinging Strike
0-1: Called Strike
0-2: Ball
1-2: Strikes out swinging
Batting: RHB Juan Costello 0-0: Ball
1-0: Fly out, F8 (Flyball, 8RS)
Batting: SHB Jorge Flores 0-0: Swinging Strike
0-1: Ball
1-1: Fly out, F7 (Line Drive, 7)
Bottom of the 7th over - 0 run(s), 1 hit(s), 0 error(s), 2 left on base; Springfield 9 - Madison 1
TOP OF THE 8TH
Springfield Stars batting - Pitching for Madison Bombers : RHP Cipriano Montáñez
Pitching: RHP Vaughn Stanley
Batting: RHB Norberto Taváres 0-0: Ball
1-0: Ball
2-0: Foul Ball, location: 2F
2-1: Ball
3-1: Base on Balls
Batting: RHB Calvin Bennett 0-0: Ball
1-0: Foul Ball, location: 2F
1-1: Foul Ball, location: 2F
1-2: Ball
2-2: Ball
3-2: Base on Balls
Norberto Taváres to second
Batting: LHB Derek Davidson 0-0: Ball
1-0: Ball
2-0: SINGLE (Line Drive, 9LM)
Norberto Taváres to third
Calvin Bennett to second
Batting: LHB Felipe Guerrero 0-0: Swinging Strike
0-1: Ball
1-1: Swinging Strike
1-2: Ball
Wild Pitch!
Norberto Taváres scores
Calvin Bennett to third
Derek Davidson to second
2-2: Ball
3-2: Strikes out swinging
Batting: LHB Elliott Newell 0-0: Foul Ball, location: 2F
0-1: Called Strike
0-2: Fly out, F7 (Flyball, 7)
Runner from 3rd tags up, SCORES, no throw
Batting: SHB Shane Hutchinson 0-0: Ball
1-0: Foul Ball, location: 2F
1-1: DOUBLE (Line Drive, 89D)
Derek Davidson scores
Batting: RHB Juan Carlos Rodríguez 0-0: Called Strike
0-1: Swinging Strike
0-2: Fly out, F7 (Line Drive, 7)
Top of the 8th over - 3 run(s), 2 hit(s), 0 error(s), 1 left on base; Springfield 12 - Madison 1
BOTTOM OF THE 8TH
Madison Bombers batting - Pitching for Springfield Stars : LHP Joaquín Gonzáles
Batting: RHB Javier Deleón 0-0: Ground out 6-3 (Groundball, 6)
Batting: SHB Martín Medina 0-0: SINGLE (Groundball, 34D)
Batting: RHB Vicente Aguirre 0-0: Ball
1-0: Ground out 3-1 (Groundball, 34S)
Martín Medina to second
Batting: LHB George Smith 0-0: Fly out, F9 (Flyball, 9)
Bottom of the 8th over - 0 run(s), 1 hit(s), 0 error(s), 1 left on base; Springfield 12 - Madison 1
TOP OF THE 9TH
Springfield Stars batting - Pitching for Madison Bombers : RHP Vaughn Stanley
Batting: LHB Jesús Tobías 0-0: Called Strike
0-1: Ball
1-1: Ball
2-1: Swinging Strike
2-2: Fly out, F7 (Flyball, 78M)
Batting: RHB Will Sterling 0-0: Ball
1-0: Foul Ball, location: 2F
1-1: Swinging Strike
1-2: Foul Ball, location: 2F
1-2: Foul Ball, location: 2F
1-2: Strikes out swinging
Batting: RHB Norberto Taváres 0-0: Ball
1-0: Swinging Strike
1-1: Foul Ball, location: 2F
1-2: Ball
2-2: Ball
3-2: Foul Ball, location: 2F
3-2: Foul Ball, location: 2F
3-2: Ground out 5-3 (Groundball, 56)
Top of the 9th over - 0 run(s), 0 hit(s), 0 error(s), 0 left on base; Springfield 12 - Madison 1
BOTTOM OF THE 9TH
Madison Bombers batting - Pitching for Springfield Stars : LHP Joaquín Gonzáles
Batting: RHB Sergio Márquez 0-0: Swinging Strike
0-1: Ground out 4-3 (Groundball, 4)
Batting: RHB Will Brown 0-0: Ground out 6-3 (Groundball, 6)
Pinch Hitting: RHB Shawn Marshall 0-0: Foul Ball, location: 2F
0-1: Swinging Strike
0-2: Ball
1-2: Fly out, F9 (Line Drive, 9S)
Bottom of the 9th over - 0 run(s), 0 hit(s), 0 error(s), 0 left on base; Springfield 12 - Madison 1
Thursday, March 30th, 2017 - OOTP Baseball 17.12 Build 75